Map: Purity and Industry LE

Players

prospeKt - Winner!

  • Race: Zerg Zerg
  • League: Platinum
  • Spawn Location: 12:00

VOD

Have the link to the VOD?

Description

Time

  • Played on: June 5, 2020, 10:29 a.m.
  • Length: 21:20
Show
View Real Time Build Order
Export as new Build Order

prospeKt Zerg - Winner!

Build Orders:  

Get SALT Encoding   

  12  0:01  Drone  
  13  0:18  Overlord  
  13  0:24  Drone  
  14  0:43  Drone x2  
  16  0:58  Drone  
  17  1:14  Hatchery  
  17  1:18  Drone  
  17  1:24  Drone  
  18  1:49  Spawning Pool  
  17  1:51  Drone  
  17  1:52  Drone  
  19  2:03  Drone  
  20  2:20  Extractor  
  20  2:21  Drone  
  20  2:33  Drone  
  21  2:52  Drone  
  21  2:56  Queen x2  
  21  2:57  Overlord  
  26  3:06  Drone  
  27  3:14  Drone  
  28  3:26  Drone x2  
  30  3:36  Overlord  
  30  3:42  Drone  
  31  4:07  Drone x3  
  34  4:11  Drone  
  34  4:15  Extractor  
  34  4:20  Overlord, Extractor  
  34  4:24  Lair  
  34  4:27  Drone  
  34  4:36  Drone  
  34  4:37  Drone  
  34  4:38  Drone x2  
  38  4:50  Drone x2  
  38  4:54  Drone x3  
  38  4:58  Queen  
  45  5:01  Drone  
  46  5:12  Roach Warren  
  46  5:15  Drone x2  
  46  5:16  Evolution Chamber  
  46  5:23  Overlord  
  46  5:28  Drone x3  
  49  5:35  Drone x3  
  52  5:46  Overlord x2  
  52  5:55  Drone  
  52  5:56  Drone  
  54  6:09  Drone x4  
  58  6:20  Hatchery  
  58  6:22  Hydralisk Den  
  58  6:24  Drone x5  
  61  6:30  Evolution Chamber  
  60  6:40  Zerg Missile Weapons Level 1  
  60  6:42  Glial Reconstitution  
  60  6:43  Roach x2  
  64  6:51  Roach  
  64  6:52  Roach x2  
  70  7:00  Roach x2  
  70  7:01  Roach  
  70  7:07  Zerg Ground Armor Level 1  
  70  7:09  Overlord  
  76  7:16  Overlord  
  76  7:35  Drone x4  
  80  7:43  Drone x2  
  80  7:44  Drone x4  
  86  8:00  Drone x2  
  86  8:04  Extractor  
  86  8:06  Drone  
  86  8:09  Overlord x2  
  88  8:22  Queen  
  88  8:28  Extractor  
  89  8:37  Drone x2  
  89  8:38  Drone x3  
  89  8:39  Drone  
  95  8:45  Unknown  
  95  8:53  Drone  
  95  8:54  Drone x2  
  98  9:12  Drone  
  98  9:13  Drone x6  
  105  9:24  Drone  
  105  9:25  Drone x2  
  108  9:35  Zerg Missile Weapons Level 2  
  108  9:40  Hatchery  
  108  9:42  Extractor  
  108  9:45  Infestation Pit  
  108  9:46  Drone  
  108  9:47  Drone x2  
  109  9:53  Hydralisk  
  109  9:54  Hydralisk x2  
  109  9:56  Overlord x6  
  114  10:20  Zerg Ground Armor Level 2  
  114  10:32  Unknown  
  114  10:44  Drone  
  114  10:47  Hatchery  
  114  11:12  Drone  
  114  11:13  Hydralisk  
  114  11:14  Hydralisk x17  
  151  11:34  Hive  
  151  11:37  Overlord x2  
  151  11:38  Overlord x5  
  151  11:40  Hydralisk x2  
  151  11:41  Hydralisk x3  
  151  11:49  Hydralisk x3  
  167  11:53  Extractor  
  167  11:57  Extractor  
  167  11:59  Hatchery, Hydralisk  
  166  12:00  Hydralisk  
  166  12:06  Hydralisk  
  166  12:07  Hydralisk x2  
  174  12:20  Hydralisk  
  174  12:21  Hydralisk x3  
  182  12:44  Hatchery  
  181  13:13  Hydralisk  
  181  13:14  Hydralisk x8  
  197  13:29  Zerg Missile Weapons Level 3  
  187  13:31  Zerg Ground Armor Level 3  
  169  13:42  Hydralisk  
  169  13:43  Hydralisk x5  
  169  13:45  Drone  
  169  13:46  Drone x2  
  180  14:15  Hydralisk x10  
  200  15:46  Hatchery  
  199  15:50  Hatchery  
  199  15:52  Hatchery  
  197  16:02  Drone, Extractor x2  
  197  16:03  Drone  
  197  16:04  Drone  
  196  16:10  Drone x2  
  176  16:36  Hatchery  
  176  16:39  Hydralisk x3  
  101  16:40  Hydralisk x9  
  197  16:50  Hatchery  
  197  16:53  Hatchery  
  187  17:02  Drone x3  
  184  17:37  Hatchery  
  179  17:57  Hydralisk x7  
  179  17:58  Hydralisk x3  
  199  18:18  Drone  
  200  18:54  Overseer x2  
  200  18:58  Overseer  
  188  20:19  Lurker Den  
Tags
 
Add a new tag
Caveats
  • Supply blocks, unpowered buildings, or Contaminate may cause inaccurate times.
  • Supply counts are checked every 10 seconds.